 Dungeon Crawl Stone Soup version 0.30.0-15-g856e2d3f33 (webtiles) character file.

Game seed: 15696541442145285858

3831 tizbic2 the Slasher (level 9, 0/71 HPs)
             Began as a Vampire Warper on May 20, 2023.
             Was a Follower of Ashenzari.
             Slain by a water moccasin (7 damage)
             ... on level 8 of the Dungeon.
             The game lasted 00:31:56 (6487 turns).

tizbic2 the Slasher (Vampire Warper)                Turns: 6487, Time: 00:31:56

Health: 0/71       AC: 22    Str: 15    XL:     9   Next: 98%
Magic:  18/18      EV:  8    Int: 18    God:    Ashenzari [*.....]
Gold:   302        SH:  0    Dex: 16    Spells: 19/21 levels left

rFire   . . .        v - +1 long sword of the Penguin {flame, Str+3 Int+3}
rCold   . . .        (no shield)
rNeg    . . .        f - +8 chain mail {ponderous}
rPois   +            k - +2 helmet "Lashed Rationality" {Melee, Cun} (curse)
rElec   .            i - +0 cloak
rCorr   +            (no gloves)
SInv    +            (no boots)
Will    .....        o - amulet of magic regeneration Stlth
                     h - ring of the Wild Blue Yonder {rCorr, Elem, Self} (curse)
HPRegen 0.51/turn    B - ring of poison resistance
MPRegen 0.56/turn

%: no passive effects
@: lethally poisoned (0 -> -2), healing quickly, slow
A: alive, fangs 3, see invisible, vampiric 2
a: Exsanguinate, Renounce Religion, Shatter the Chains


You were on level 8 of the Dungeon.
You worshipped Ashenzari.
Ashenzari was aware of your devotion.
You visited 1 branch of the dungeon, and saw 8 of its levels.
You also visited: Sewer.

You collected 531 gold pieces.
You spent 229 gold pieces at shops.

Inventory:

Hand Weapons
 s - a +2 whip of freezing
 v - the +1 long sword of the Penguin (weapon) {flame, Str+3 Int+3}
   (You bought it in a shop on level 1 of the Dungeon)

   Str:       It affects your strength (+3).
   Int:       It affects your intelligence (+3).
Missiles
 a - 6 boomerangs
 c - 6 boomerangs of dispersal
 d - 103 stones (quivered)
 g - 6 atropa-tipped darts
 l - 4 throwing nets
 q - 10 poisoned darts
Armour
 f - a +8 chain mail of ponderousness (worn)
 i - a +0 cloak (worn)
 k - the cursed +2 helmet "Lashed Rationality" (worn) {Melee, Cun}
   (You found it on level 1 of the Dungeon)

   It has a curse which improves the following skills: Melee Combat: Short
   Blades, Long Blades, Axes, Maces & Flails, Polearms, Staves and Unarmed
   Combat.
   Cunning:   Dodging and Stealth.
 E - a +0 ring mail
 H - +0 acid dragon scales
 M - the +0 helmet "Kykhar" {Str+2 Slay+3}
   (You found it on level 8 of the Dungeon)

   Str:       It affects your strength (+2).
   Slay:      It affects your accuracy & damage with ranged weapons and melee
   (+3).
Magical Staves
 J - a staff of earth
Jewellery
 h - the cursed ring of the Wild Blue Yonder (left hand) {rCorr, Elem, Self}
   (You found it on level 2 of the Dungeon)

   [ring of resist corrosion]

   rCorr:     It protects you from acid and corrosion.
   It has a curse which improves the following skills: Elements: Fire Magic, Ice
   Magic, Air Magic and Earth Magic.
   Introspection: Fighting and Spellcasting.
 o - an amulet of magic regeneration (around neck)
 B - a ring of poison resistance (right hand)
Wands
 u - a wand of polymorph (10)
 F - a wand of iceblast (25)
 K - a wand of mindburst (13)
Scrolls
 b - 3 scrolls of blinking
 e - 2 scrolls of magic mapping
 m - 2 scrolls of teleportation
 n - a scroll of immolation
 p - 2 scrolls of poison
 t - a scroll of vulnerability
 w - a scroll of fear
 y - a scroll of butterflies
 A - a scroll of torment
 D - 2 scrolls of enchant weapon
Potions
 j - a potion of brilliance
 r - a potion of curing
 x - a potion of invisibility
 z - 4 potions of attraction
 C - a potion of berserk rage
 G - 2 potions of magic
 I - a potion of heal wounds
 L - a potion of haste


   Skills:
 + Level 5.6(6.4) Fighting
 * Level 7.8(8.6) Long Blades
 - Level 1.5 Throwing
 + Level 4.8 Armour
 - Level 2.8(3.5) Dodging
 - Level 2.9(3.6) Unarmed Combat
 * Level 5.7(6.5) Spellcasting
 + Level 4.5 Translocations
 + Level 1.0(1.4) Fire Magic
 + Level 1.1(1.6) Air Magic
 + Level 1.0 Poison Magic


You had 19 spell levels left.
You knew the following spells:

 Your Spells              Type           Power      Damage    Failure   Level
a - Blink                 Tloc           44%        N/A       32%         2

Your spell library contained the following spells:

 Spells                   Type           Power      Damage    Failure   Level
 Lesser Beckoning         Tloc           44%        N/A       32%         2
 Teleport Other           Tloc           22%        N/A       54%         3
 Poisonous Vapours        Pois/Air       20%        N/A       75%         2
 Vhi's Electric Charge    Tloc/Air       34%        N/A       75%         3
 Magic Dart               Conj           20%        1d4       80%         1
 Summon Small Mammal      Summ           20%        N/A       80%         1
 Call Imp                 Summ           10%        N/A       91%         2
 Searing Ray              Conj           10%        2d4       91%         2
 Manifold Assault         Tloc           22%        N/A       91%         4
 Ignite Poison            Fire/Tmut/Pois 8%         N/A       96%         3
 Mephitic Cloud           Conj/Pois/Air  9%         N/A       96%         3
 Call Canine Familiar     Summ           5%         N/A       99%         3
 Summon Guardian Golem    Hex/Summ       5%         N/A       99%         3
 Fulminant Prism          Conj/Hex       2%         3d5       100%        4
 Petrify                  Tmut/Erth      6%         N/A       100%        4
 Sticky Flame             Conj/Fire      8%         2d3       100%        4
 Freezing Cloud           Conj/Ice/Air   3%         6-21      100%        5
 Iskenderun's Battlesphe  Conj           5%         2d6       100%        5
 Metabolic Englaciation   Hex/Ice        3%         N/A       100%        5
 Iron Shot                Conj/Erth      3%         9d2       100%        6
 Statue Form              Tmut/Erth      4%         N/A       100%        6
 Spellforged Servitor     Conj/Summ      2%         N/A       100%        7
 Ignition                 Fire           5%         3d4       100%        8


Dungeon Overview and Level Annotations

Branches:
Dungeon (8/15)             Temple (0/1) D:6           Sewer (visited)
   Lair: D:8-11

Altars:
Ashenzari
Gozag
Kikubaaqudgha
Nemelex Xobeh
Okawaru
Qazlal
Sif Muna
Trog

Shops:
D:1 *!(   D:7 [


Innate Abilities, Weirdness & Mutations

Your natural rate of healing is accelerated.
You have razor-sharp teeth.
You have supernaturally acute eyesight. (SInv)
You are afflicted with vampirism and can become a bat while bloodless.


Message History

Okay, then.
The water moccasin attacks as you move away!
The water moccasin closely misses you.
You feel very sick.
The water moccasin bites you but does no damage.
You slash the water moccasin! You burn the water moccasin.
The water moccasin is heavily wounded.
You feel sick. The water moccasin bites you.
You are more poisoned.
The water moccasin poisons you!
You hit the water moccasin but do no damage.
The water moccasin is heavily wounded.
* * * LOW HITPOINT WARNING * * *
You feel very sick.
The water moccasin bites you but does no damage. x2
The wyvern bites you but does no damage.
You miss the water moccasin. You bite the water moccasin.
The water moccasin is heavily wounded.
You feel very sick.
The wyvern bites you but does no damage.
You miss the water moccasin.
You feel very sick. The wyvern barely misses you.
The water moccasin closely misses you.
The water moccasin bites you but does no damage. x2
The wyvern barely misses you.
Unknown command.
Okay, then.
Blink to where?
Press: ? - help, Dir - move target
As you read the scroll of blinking, it crumbles to dust.
You feel sick.
You feel very sick.
Found a stone staircase leading down.
You feel sick.
You feel sick.
You feel sick.
You feel sick.
You see here the +0 helmet "Kykhar" {Str+2 Slay+3}.
M - the +0 helmet "Kykhar" {Str+2 Slay+3} You feel sick.
The water moccasin bites you!
You die...

#....###....
##...###.....##...
###........#......>
#.......#..##...#.#
##.......###.......# #.
##........#.........#...
#.....).)##.##..........
........).#.#....$....##
...............S@......#
.###...###...lS...!...##
.##Y...###............#
##..##..##..............
....lS†..Y..............
.....##............#....
...####...........##....
##.###.............. ...
#..#.#..........#...


You could see 2 water moccasins, a wyvern and an ice beast.

Vanquished Creatures
  Pikel (D:7)
  Maurice (D:8)
  Joseph (D:7)
  Prince Ribbit (D:6)
  2 wyverns
  Menkaure (D:7)
  An acid dragon (D:7)
  2 water moccasins (D:8)
  2 ice beasts
  Pargi (Sewer)
  A sky beast (D:7)
  An ogre (D:5)
  A phantom (D:7)
  Blork the orc (D:6)
  A kobold brigand (D:8)
  A gnoll sergeant (D:5)
  A bullfrog (D:6)
  4 scorpions
  A howler monkey (D:5)
  2 hounds
  2 jellies
  2 orc priests
  Terence (D:2)
  3 iguanas
  A sleepcap (D:5)
  4 orc wizards
  13 gnolls
  9 adders
  3 white imps
  An ufetubus (D:5)
  3 worms
  3 dart slugs
  21 orcs
  6 endoplasms
  4 giant cockroaches
  4 goblins
  4 hobgoblins
  9 jackals
  4 quokkas
  11 ball pythons
  3 bats (D:2)
  12 kobolds
  5 rats
155 creatures vanquished.

Vanquished Creatures (others)
  An orc wizard (D:6)
1 creature vanquished.

Grand Total: 156 creatures vanquished

Notes
Turn   | Place    | Note
-------+----------+-------------------------------------------
     0 | D:1      | tizbic2 the Vampire Warper began the quest for the Orb.
     0 | D:1      | Reached XP level 1. HP: 16/16 MP: 3/3
   106 | D:1      | Found Yxall's Antique Weapon Boutique.
   168 | D:1      | Reached XP level 2. HP: 22/22 MP: 5/5
   206 | D:1      | Found Nify's Distillery.
   283 | D:1      | Reached skill level 1 in Throwing
   398 | D:1      | Found Ynakhlih's General Store.
   534 | D:2      | Reached skill level 1 in Armour
   544 | D:2      | Noticed Terence
   659 | D:2      | Killed Terence
   660 | D:2      | Gained mutation: You are afflicted with vampirism and can
                  | become a bat while bloodless. [Vampire growth]
   660 | D:2      | Reached XP level 3. HP: 9/27 MP: 6/6
   922 | D:2      | Reached XP level 4. HP: 34/34 MP: 7/7
  1487 | D:3      | Found a sparkling altar of Nemelex Xobeh.
  1563 | D:3      | Reached XP level 5. HP: 36/39 MP: 8/8
  1573 | D:3      | Reached skill level 1 in Long Blades
  1910 | D:3      | Found a glowing drain.
  1930 | Sewer    | Entered a sewer
  1974 | Sewer    | Noticed Pargi
  1994 | Sewer    | Killed Pargi
  1995 | Sewer    | Reached skill level 2 in Long Blades
  1995 | Sewer    | Reached XP level 6. HP: 23/47 MP: 9/9
  2570 | D:4      | Reached skill level 3 in Long Blades
  3041 | D:1      | Bought a steaming long sword for 229 gold pieces
  3041 | D:1      | Identified the +1 long sword of the Penguin {flame, Str+3
                  | Int+3} (You bought it in a shop on level 1 of the Dungeon)
  3102 | D:4      | Reached XP level 7. HP: 52/52 MP: 10/10
  3483 | D:4      | Found a shimmering blue altar of Sif Muna.
  3505 | D:5      | Entered Level 5 of the Dungeon
  3549 | D:5      | Reached skill level 4 in Long Blades
  3822 | D:5      | HP: 1/43 [iguana (6)]
  4102 | D:5      | Found an ancient bone altar of Kikubaaqudgha.
  4180 | D:5      | Reached skill level 5 in Long Blades
  4481 | D:5      | Reached XP level 8. HP: 42/54 MP: 12/12
  4631 | D:6      | Found a bloodstained altar of Trog.
  4638 | D:6      | Found an opulent altar of Gozag.
  4720 | D:6      | Found a broken altar of Ashenzari.
  4729 | D:6      | Became a worshipper of Ashenzari the Shackled
  4732 | D:6      | Noticed Blork the orc
  4744 | D:6      | Killed Blork the orc
  4854 | D:6      | Found a staircase to the Ecumenical Temple.
  4857 | D:6      | Noticed Prince Ribbit
  4919 | D:6      | Killed Prince Ribbit
  4920 | D:6      | Reached skill level 6 in Long Blades
  5352 | D:7      | Noticed Pikel
  5381 | D:7      | Killed Pikel
  5382 | D:7      | Reached skill level 5 in Fighting
  5382 | D:7      | Reached XP level 9. HP: 27/68 MP: 15/15
  5490 | D:7      | Learned a level 2 spell: Blink
  5630 | D:7      | Noticed Joseph
  5640 | D:7      | HP: 3/68 [Joseph/+0 quarterstaff (6)]
  5659 | D:7      | Killed Joseph
  5660 | D:7      | Reached skill level 7 in Long Blades
  5660 | D:7      | Reached skill level 5 in Spellcasting
  5847 | D:7      | Found an iron altar of Okawaru.
  6066 | D:7      | Noticed Menkaure
  6079 | D:7      | Killed Menkaure
  6253 | D:7      | Reached * piety under Ashenzari
  6293 | D:7      | Found Ylliharr's Antique Armour Shoppe.
  6401 | D:8      | Found a stormy altar of Qazlal.
  6411 | D:8      | Noticed Maurice
  6428 | D:8      | Killed Maurice
  6438 | D:8      | Identified the +0 helmet "Kykhar" {Str+2 Slay+3}
  6457 | D:8      | Reached skill level 1 in Air Magic
  6465 | D:8      | Reached skill level 1 in Poison Magic
  6475 | D:8      | Reached skill level 1 in Fire Magic
  6487 | D:8      | Slain by a water moccasin

Illustrated notes

Levels and vault maps discovered:
D:1:      lightli_arrival_flooded_house, layout_rooms, serial_shops,
          nicolae_shop_window_shopping, shop, shop
D:2:      layout_loops_cross, bh_walls_and_bars, uniq_terence
D:3:      kennysheep_six_static_rooms, layout_basic, nemelex_spade_bored_becter,
          cheibrodos_sewer_entry_bend
D:4:      layout_rooms, mainiacjoe_overflow_tiny_flanked, lemuel_blue_sif_altar,
          serial_forest, infiniplex_forest_straight_5,
          infiniplex_forest_zigzag_1, infiniplex_forest_lined_1,
          infiniplex_forest_clump_double, infiniplex_forest_clump_small,
          infiniplex_forest_lined_room_3, infiniplex_forest_clump_cross,
          nicolae_underground_beach
D:5:      layout_basic, overflow_temple_1_default, amethyst_killhole
D:6:      layout_loops_ring, evilmike_ruin_ashenzari,
          amethyst_overflow_temple_binary, minmay_temple_entry_arrows,
          uniq_blork_the_orc, uniq_prince_ribbit1
D:7:      layout_loops_ring, okawaru_altar_gauntlet_db, serial_shops,
          shop_statue, uniq_pikel, uniq_joseph, uniq_menkaure
D:8:      layout_cave_pools, zin_statuary, nicolae_overflow_crystal_walls,
          minmay_lair_entry_grove, enter_bailey_5, ebering_ghost_funeral_grove,
          uniq_maurice, uniq_grum

Skill      XL: |  1  2  3  4  5  6  7  8  9 |
---------------+----------------------------+-----
Throwing       | 1 |  1.5
Fighting       | 2 3 4 5 |  5.6
Armour         | 1 2 3 4 |  4.8
Long Blades    | 2 3 5 6 7 |  7.8
Translocations | 3 4 |  4.5
Spellcasting   | 4 5 |  5.7
Air Magic      | 1 |  1.1
Poison Magic   | 1 |  1.0
Fire Magic     | 1 |  1.0
Dodging        | |  2.8
Unarmed Combat | |  2.9

Action                     |  1- 3 |  4- 6 |  7- 9 || total
---------------------------+-------+-------+-------++-------
  Melee: Unarmed           |   192 |    33 |       ||   225
         Bite              |    23 |    30 |    34 ||    87
         Punch             |     4 |     4 |     7 ||    15
         Great sword       |       |   105 |       ||   105
         Rapier            |       |   139 |       ||   139
         Long sword        |       |     4 |   342 ||   346
         Falchion          |       |     1 |       ||     1
  Throw: Stone             |     3 |       |     3 ||     6
         Boomerang         |       |       |     1 ||     1
         Dart              |       |       |     4 ||     4
 Invoke: Curse Item        |       |       |     2 ||     2
Ability: Bat Form          |       |       |     1 ||     1
         Exsanguinate      |       |       |     1 ||     1
         Revivify          |       |       |     1 ||     1
    Use: Potion            |     3 |       |     6 ||     9
         Scroll            |     1 |     6 |    11 ||    18
   Stab: Invisible         |       |       |     4 ||     4
 Armour: Leather armour    |    40 |       |       ||    40
         Chain mail        |     8 |   328 |   313 ||   649
  Dodge: Dodged            |   120 |   145 |   144 ||   409
